 Dungeon Crawl Stone Soup version 0.29.0-4-gdea44cf6ec (webtiles) character file.

Game seed: 12862839472806830288

92 qw the Caller (level 4, -2/36 HPs)
             Began as a Ghoul Summoner on Sept 9, 2022.
             Constricted to death by Ijyb (6 damage)
             ... on level 2 of the Dungeon.
             The game lasted 00:01:04 (2247 turns).

qw the Caller (Ghoul Summoner)                      Turns: 2247, Time: 00:01:05

Health: -2/36      AC:  5    Str: 13    XL:     4   Next: 60%
Magic:  5/5        EV:  5    Int: 10    God:
Gold:   46         SH:  8    Dex: 12    Spells: 5/6 levels left

rFire   . . .      SeeInvis .   Y - +0 hand axe
rCold   + . .      Faith    .   b - +1 kite shield "Roargham" {-Cast Regen+ Dex+3}
rNeg    + + +      Spirit   .   c - +0 ring mail
rPois   inf        Reflect  .   (no helmet)
rElec   .          Harm     .   (no cloak)
rCorr   .          Rampage  .   (no gloves)
Will    .....      NoCast   +   (no boots)
Stlth   +.........              (no amulet)
HPRegen 0.00/turn               (no ring)
MPRegen 0.09/turn               (no ring)

@: grasped by roots, inhibited regen, constricted
A: claws 1, cold resistance 1, negative energy resistance 3, inhibited
regeneration, torment resistance 2, devour on kill
a: no special abilities


You were on level 2 of the Dungeon.
You visited 1 branch of the dungeon, and saw 2 of its levels.

You collected 85 gold pieces.
You spent 39 gold pieces at shops.


Innate Abilities, Weirdness & Mutations

You are immune to poison.
You have sharp fingernails.
Your flesh is cold resistant. (rC+)
You are immune to negative energy. (rN+++)
You do not regenerate when monsters are visible.
You are immune to unholy pain and torment.
You thrive by killing the living.


   Skills:
 - Level 2.0 Fighting
 + Level 2.2 Axes
 - Level 1.7 Dodging
 - Level 2.1 Stealth
 - Level 2.0 Shields
 - Level 1.7 Spellcasting
 - Level 3.6 Summonings


You had 5 spell levels left.
You knew the following spells:

 Your Spells              Type           Power      Damage    Failure   Level
a - Summon Small Mammal   Summ           32%        N/A       47%         1

Your spell library contained the following spells:

 Spells                   Type           Power      Damage    Failure   Level
 Call Imp                 Summ           8%         N/A       63%         2
 Call Canine Familiar     Summ           8%         N/A       85%         3
 Summon Guardian Golem    Hex/Summ       4%         N/A       98%         3
 Summon Lightning Spire   Summ/Air       4%         N/A       100%        4

Inventory:

Hand Weapons
 e - a +0 mace
 Y - a +0 hand axe (weapon)
Armour
 b - the +1 kite shield "Roargham" (worn) {-Cast Regen+ Dex+3}
   (You acquired it on level 1 of the Dungeon)

   Dex:       It affects your dexterity (+3).
   -Cast:     It prevents spellcasting.
   Regen:     It increases your rate of health regeneration.
 c - a +0 ring mail (worn)
 j - a +0 scale mail
Scrolls
 d - a scroll of butterflies {unknown}
 f - a scroll of identify {unknown}
 h - a scroll of teleportation {unknown}
 k - a scroll of magic mapping {unknown}
Potions
 a - a potion of curing
 g - 2 potions of ambrosia {unknown}
 i - 2 potions of haste {unknown}

Dungeon Overview and Level Annotations

Branches:
Dungeon (2/15)

Altars:

Shops:
D:1 *

Annotations:
D:2 Ijyb


Message History

The roots erupt in riotous growth!
The grasping roots grab you!
The goblin is unaffected.
Ijyb is unaffected.
The grasping roots constrict you.
You hear a shout!
You hit Ijyb but do no damage.
Ijyb is moderately wounded.
You hit the goblin. You block the goblin's attack. You block Ijyb's attack.
The grasping roots constrict you.
The grasping roots release their grip on you.
You hit Ijyb.
Ijyb is heavily wounded.
You barely miss the goblin. The goblin closely misses you.
Ijyb hits you but does no damage.
You hit Ijyb but do no damage.
Ijyb is heavily wounded.
You barely miss the goblin. The goblin misses you. Ijyb closely misses you.
You block the goblin's attack. You block Ijyb's attack.
You hit Ijyb but do no damage.
Ijyb is heavily wounded.
You hit the goblin. The goblin closely misses you.
Ijyb zaps a wand.
The roots erupt in riotous growth!
The grasping roots grab you!
The goblin is unaffected.
Ijyb is unaffected.
The grasping roots constrict you.
You hit Ijyb.
Ijyb is heavily wounded.
You closely miss the goblin. The goblin hits you with a +0 dagger.
Ijyb hits you with a +0 club. The grasping roots constrict you.
The grasping roots release their grip on you.
You hit Ijyb but do no damage.
Ijyb is heavily wounded.
You hit the goblin but do no damage. The goblin hits you but does no damage.
Ijyb zaps a wand.
The roots erupt in riotous growth!
The grasping roots grab you!
The goblin is unaffected.
Ijyb is unaffected.
The grasping roots constrict you.
You die...

#..........#.#.#.....#
#...#..........###.### #
##.###..####.### #.###
#.. . ...# #..# #.#
#.#.## #.# # #### #....
...# #....## #.### #
########.. #.....# #.#..
# 8.8.8.. ##...## #.#.# #
### .g..=..#####.##
#.#.#### ##.#
g......#@###.# ###:#.#.##
##..#
.......gg)##.###.........
.'..#
.........................
##.<#
..........##.###.###....#
##.# 8.8.8..#.###.# #.#
#...## ################
#.# #.###..## #...# #.#
#......# ##'## ########.#
#####.## # #.# #........#
#.#


You could see Ijyb and a goblin.

Vanquished Creatures
  4 adders (D:2)
  A worm (D:2)
  2 endoplasms
  2 giant cockroaches (D:2)
  6 goblins
  4 hobgoblins
  5 jackals (D:2)
  4 kobolds
  2 quokkas
  3 ball pythons
  2 frilled lizards (D:2)
  3 rats
38 creatures vanquished.

Vanquished Creatures (collateral kills)
  2 ball pythons (D:1)
  3 goblins (D:1)
  2 hobgoblins (D:1)
  A quokka (D:1)
  A rat (D:1)
9 creatures vanquished.

Grand Total: 47 creatures vanquished

Notes
Turn   | Place    | Note
-------+----------+-------------------------------------------
     0 | D:1      | qw the Ghoul Summoner began the quest for the Orb.
     0 | D:1      | Reached XP level 1. HP: 14/14 MP: 2/2
     0 | D:1      | 0 ||| qw: Version: 0.1-a-113-g051387a
     0 | D:1      | 0 ||| qw: Game counter: 7355
     0 | D:1      | 0 ||| qw: Always use a shield: true
     0 | D:1      | 0 ||| qw: God list: Okawaru
     0 | D:1      | 0 ||| qw: Allow faded altars: false
     0 | D:1      | 0 ||| qw: Do Orc after D:15 true
     0 | D:1      | 0 ||| qw: Do second Lair branch before Depths: true
     0 | D:1      | 0 ||| qw: Lair rune preference: random
     0 | D:1      | 0 ||| qw: Plans: Normal
     0 | D:1      | 0 ||| PLANNING D:1-11
    16 | D:1      | 16 ||| CASTING Summon Small Mammal
    17 | D:1      | 17 ||| CASTING Summon Small Mammal
    29 | D:1      | 29 ||| CASTING Summon Small Mammal
   245 | D:1      | 245 ||| CASTING Summon Small Mammal
   246 | D:1      | 246 ||| CASTING Summon Small Mammal
   278 | D:1      | 278 ||| CASTING Summon Small Mammal
   279 | D:1      | 279 ||| CASTING Summon Small Mammal
   290 | D:1      | 290 ||| CASTING Summon Small Mammal
   295 | D:1      | Reached skill level 1 in Axes
   321 | D:1      | 321 ||| Wielding weapon +0 hand axe.
   339 | D:1      | 339 ||| CASTING Summon Small Mammal
   340 | D:1      | 340 ||| CASTING Summon Small Mammal
   344 | D:1      | Reached XP level 2. HP: 22/22 MP: 0/3
   408 | D:1      | 408 ||| CASTING Summon Small Mammal
   409 | D:1      | 409 ||| CASTING Summon Small Mammal
   410 | D:1      | 410 ||| CASTING Summon Small Mammal
   421 | D:1      | Reached skill level 1 in Fighting
   446 | D:1      | 446 ||| CASTING Summon Small Mammal
   447 | D:1      | 447 ||| CASTING Summon Small Mammal
   448 | D:1      | 448 ||| CASTING Summon Small Mammal
   557 | D:1      | You fall into a shaft and drop 1 floor!
   558 | D:2      | 558 ||| UPGRADING to +0 ring mail.
   568 | D:2      | 568 ||| DROPPING +0 robe.
   569 | D:2      | 569 ||| DROPPING potion of magic.
   619 | D:1      | 619 ||| CASTING Summon Small Mammal
   620 | D:1      | 620 ||| CASTING Summon Small Mammal
   621 | D:1      | 621 ||| CASTING Summon Small Mammal
   698 | D:1      | 698 ||| CASTING Summon Small Mammal
   701 | D:1      | 701 ||| CASTING Summon Small Mammal
   702 | D:1      | 702 ||| CASTING Summon Small Mammal
   804 | D:1      | 804 ||| CASTING Summon Small Mammal
   805 | D:1      | 805 ||| CASTING Summon Small Mammal
   806 | D:1      | 806 ||| CASTING Summon Small Mammal
   840 | D:1      | 840 ||| CASTING Summon Small Mammal
   841 | D:1      | 841 ||| CASTING Summon Small Mammal
   842 | D:1      | 842 ||| CASTING Summon Small Mammal
   903 | D:1      | 903 ||| CASTING Summon Small Mammal
   904 | D:1      | 904 ||| CASTING Summon Small Mammal
   905 | D:1      | 905 ||| CASTING Summon Small Mammal
   981 | D:1      | 981 ||| CASTING Summon Small Mammal
   982 | D:1      | 982 ||| CASTING Summon Small Mammal
   983 | D:1      | 983 ||| CASTING Summon Small Mammal
  1024 | D:1      | 1024 ||| CASTING Summon Small Mammal
  1025 | D:1      | 1025 ||| CASTING Summon Small Mammal
  1026 | D:1      | 1026 ||| CASTING Summon Small Mammal
  1094 | D:1      | 1094 ||| CASTING Summon Small Mammal
  1095 | D:1      | 1095 ||| CASTING Summon Small Mammal
  1096 | D:1      | 1096 ||| CASTING Summon Small Mammal
  1131 | D:1      | 1131 ||| DROPPING +0 club.
  1133 | D:1      | 1133 ||| CASTING Summon Small Mammal
  1134 | D:1      | 1134 ||| CASTING Summon Small Mammal
  1135 | D:1      | 1135 ||| CASTING Summon Small Mammal
  1173 | D:1      | 1173 ||| CASTING Summon Small Mammal
  1174 | D:1      | 1174 ||| CASTING Summon Small Mammal
  1175 | D:1      | 1175 ||| CASTING Summon Small Mammal
  1181 | D:1      | Reached XP level 3. HP: 28/28 MP: 0/4
  1263 | D:1      | 1263 ||| CASTING Summon Small Mammal
  1264 | D:1      | 1264 ||| Stepping ~*~*~tactically~*~*~ (stealth).
  1265 | D:1      | 1265 ||| CASTING Summon Small Mammal
  1267 | D:1      | 1267 ||| CASTING Summon Small Mammal
  1333 | D:1      | Found Nysere's General Store.
  1349 | D:1      | 1349 ||| BUYING potion of curing (39 gold).
  1349 | D:1      | Bought a potion of curing for 39 gold pieces
  1349 | D:1      | 1349 ||| SHOPLISTING scroll of identify (26 gold, have 25).
  1392 | D:1      | 1392 ||| READING scroll labelled XICVAS ZORPH.
  1392 | D:1      | Identified a scroll of acquirement
  1392 | D:1      | 1392 ||| ACQUIRING +1 kite shield "Roargham" {-Cast Regen+
                  | Dex+3}
  1392 | D:1      | Acquired the +1 kite shield "Roargham" {-Cast Regen+ Dex+3}
  1394 | D:1      | 1394 ||| UPGRADING to +1 kite shield "Roargham" {-Cast
                  | Regen+ Dex+3}.
  1542 | D:2      | Reached skill level 1 in Shields
  1653 | D:2      | Reached XP level 4. HP: 31/35 MP: 5/5
  2218 | D:2      | 2218 ||| Stepping ~*~*~tactically~*~*~ (stealth).
  2226 | D:2      | Noticed Ijyb
  2246 | D:2      | HP: 7/36 [Ijyb/+0 club (4)]
  2247 | D:2      | Constricted to death by Ijyb

Levels and vault maps discovered:
D:1:      wander_arrival_abandoned_jail, layout_basic, serial_shops, shop
D:2:      kennysheep_the_goblin_king, layout_loops_corners, nrook_uturn

Skill      XL: |  1  2  3  4 |
---------------+-------------+-----
Axes           | 1 2 |  2.2
Fighting       | 1 2 |  2.0
Shields        | 1 2 |  2.0
Dodging        | |  1.7
Stealth        | |  2.1
Spellcasting   | |  1.7
Summonings     | |  3.6

Action                   |  1- 3 |  4- 6 || total
-------------------------+-------+-------++-------
Melee: Unarmed           |    13 |       ||    13
       Hand axe          |    84 |    90 ||   174
 Cast: Summon Small Mamm |    38 |       ||    38
  Use: Scroll            |     1 |       ||     1
 Stab: Distracted        |     1 |       ||     1
Armor: Robe              |     4 |       ||     4
       Ring mail         |    34 |    41 ||    75
Dodge: Dodged            |    43 |    41 ||    84
Block: Kite shield       |    22 |    38 ||    60

Table legend:
 A = Non-vault XP
 B = Vault XP
 C = Vault XP percentage of total XP
 D = Non-vault monster count
 E = Vault monster count
 F = Vault count percentage of total count
                 A         B        C        D         E       F
            +---------+---------+-------+---------+---------+-------
      Total |     125 |       7 |   5.3 |      43 |       4 |   8.5
            +---------+---------+-------+---------+---------+-------
        D:1 |      37 |       0 |   0.0 |      21 |       0 |   0.0
        D:2 |      88 |       7 |   7.4 |      22 |       4 |  15.4
            +---------+---------+-------+---------+---------+-------
